[Event "26th OIBM 2023"]
[Site "Gmund am Tegernsee"]
[Date "2023.11.02"]
[Round "6.24"]
[White "Dolzhykova, Kateryna"]
[Black "Jerie, Sven"]
[Result "1-0"]
[ECO "C47"]
[WhiteElo "2336"]
[BlackElo "2055"]
[Annotator "ChessBase"]
[PlyCount "81"]
[EventDate "2023.10.04"]
[EventType "swiss"]
[EventCountry "GER"]
[SourceTitle "playchess.com"]
[Source "ChessBase"]
[SourceQuality "1"]
[TimeControl "40/5400+30:1800+30"]

1. e4 e5 2. Nf3 Nc6 3. d4 exd4 4. Nxd4 Nf6 5. Nc3 Bb4 6. Nxc6 bxc6 7. Qd4 Qe7 8. f3 Bc5 9. Qd3 a5 10. Bg5 Qe5 11. Qd2 Qd4 12. O-O-O Qxd2+ 13. Bxd2 O-O 14. g4 a4 15. a3 d6 16. h4 h5 17. g5 Nd7 18. f4 Ba6 19. Bh3 Nb6 20. e5 Bc8 21. Ne4 Bxh3 22. Rxh3 Nd7 23. Bc3 Rfd8 24. exd6 cxd6 25. Nxd6 Nb6 26. Rhd3 Rd7 27. Nf5 Rxd3 28. Rxd3 Bf8 29. Ng3 g6 30. Ne4 Nd5 31. Nf6+ Nxf6 32. Bxf6 Bg7 33. Rd6 Rc8 34. Kd2 Bf8 35. Rd4 Bc5 36. Rxa4 Bf2 37. Re4 Bxh4 38. Ke2 Bg3 39. Kf3 h4 40. b4 Ra8 41. a4 1-0

[Event "26th OIBM 2023"]
[Site "Gmund am Tegernsee"]
[Date "2023.11.02"]
[Round "6.25"]
[White "Khrapko, Marharyta"]
[Black "Chassard, Cedric"]
[Result "1-0"]
[ECO "B90"]
[WhiteElo "2170"]
[BlackElo "2326"]
[Annotator "ChessBase"]
[PlyCount "92"]
[EventDate "2023.10.04"]
[EventType "swiss"]
[EventCountry "GER"]
[SourceTitle "playchess.com"]
[Source "ChessBase"]
[SourceQuality "1"]
[TimeControl "40/5400+30:1800+30"]

1. e4 c5 2. Nf3 d6 3. d4 cxd4 4. Nxd4 Nf6 5. Nc3 a6 6. Nb3 e6 7. g4 Be7 8. g5 Nfd7 9. h4 Nc6 10. Be3 b5 11. f4 Bb7 12. Bg2 Na5 13. Nxa5 Qxa5 14. a3 Rc8 15. Bd2 Qc7 16. Qe2 Nb6 17. h5 Nc4 18. O-O-O Qc5 19. g6 b4 20. Na4 Qc6 21. Bxb4 Ne3 22. gxf7+ Kxf7 23. Nc3 Nxd1 24. Rxd1 Qc7 25. h6 g6 26. f5 e5 27. Rf1 Bg5+ 28. Kb1 Bf4 29. Bh3 Rce8 30. Rd1 Rd8 31. Qg4 Qe7 32. Bf1 Qg5 33. Bc4+ d5 34. Qe2 gxf5 35. Nxd5 Bxd5 36. Bxd5+ Rxd5 37. Rxd5 fxe4 38. Rd7+ Ke6 39. Re7+ Kf5 40. Rf7+ Kg6 41. Rg7+ Kxh6 42. Rxg5 Kxg5 43. Qxe4 h5 44. Be7+ Kg4 45. Bf6 Rg8 46. Bxe5 Rf8 1-0

[Event "26th OIBM 2023"]
[Site "Gmund am Tegernsee"]
[Date "2023.11.02"]
[Round "6.26"]
[White "Kulon, Klaudia"]
[Black "Acarbay, Algi"]
[Result "1-0"]
[ECO "B90"]
[WhiteElo "2319"]
[BlackElo "1934"]
[Annotator "ChessBase"]
[PlyCount "59"]
[EventDate "2023.10.04"]
[EventType "swiss"]
[EventCountry "GER"]
[SourceTitle "playchess.com"]
[Source "ChessBase"]
[SourceQuality "1"]
[TimeControl "40/5400+30:1800+30"]

1. e4 c5 2. Nf3 d6 3. d4 cxd4 4. Nxd4 Nf6 5. Nc3 a6 6. Be3 e5 7. Nb3 Be7 8. f3 Be6 9. Qd2 h5 10. Nd5 Nxd5 11. exd5 Bf5 12. Be2 Nd7 13. O-O Rc8 14. c4 h4 15. Na5 Qc7 16. b4 h3 17. g3 b6 18. Nc6 Bf6 19. g4 Bg6 20. g5 Bd8 21. Rae1 O-O 22. f4 exf4 23. Bxf4 Be4 24. Bg4 Bg2 25. Re7 Bxe7 26. Nxe7+ Kh8 27. Qf2 Nf6 28. gxf6 Be4 29. Qh4+ Bh7 30. fxg7+ 1-0

[Event "26th OIBM 2023"]
[Site "Gmund am Tegernsee"]
[Date "2023.11.02"]
[Round "6.27"]
[White "Heinatz, Gundula"]
[Black "Forchert, Martin"]
[Result "0-1"]
[ECO "B13"]
[WhiteElo "2148"]
[BlackElo "2317"]
[Annotator "ChessBase"]
[PlyCount "100"]
[EventDate "2023.10.04"]
[EventType "swiss"]
[EventCountry "GER"]
[SourceTitle "playchess.com"]
[Source "ChessBase"]
[SourceQuality "1"]
[TimeControl "40/5400+30:1800+30"]

1. d4 d5 2. Bf4 c5 3. e3 Nc6 4. Nc3 cxd4 5. exd4 Bf5 6. Nf3 e6 7. Be2 Bb4 8. O-O Nf6 9. Nb5 Rc8 10. c3 Be7 11. a4 a6 12. Na3 Nh5 13. Be3 Nf6 14. Ne5 Nxe5 15. dxe5 Nd7 16. Bd4 Bg6 17. Nc2 Nb8 18. f4 Nc6 19. Bf2 Be4 20. Ne3 O-O 21. Ng4 Qd7 22. Kh1 h5 23. Ne3 g6 24. Nc4 Rcd8 25. Nd2 Bf5 26. Nf3 Be4 27. Bb6 Rc8 28. Qe1 Kg7 29. Qf2 Bxf3 30. Bxf3 Bd8 31. Bc5 Ne7 32. Rfd1 Qc6 33. Bd6 Re8 34. Bxe7 Bxe7 35. f5 exf5 36. Bxd5 Qc7 37. Re1 a5 38. Qf3 Bc5 39. Qf4 Qb6 40. Rab1 Rcd8 41. c4 Re7 42. h3 Rde8 43. Re2 Qc7 44. Rf1 Rxe5 45. g4 hxg4 46. Rxe5 Rxe5 47. hxg4 Bd6 48. Qf3 Qe7 49. Kg2 Re3 50. Qf2 Re2 0-1

[Event "26th OIBM 2023"]
[Site "Gmund am Tegernsee"]
[Date "2023.11.02"]
[Round "6.28"]
[White "Cordes, Hans-Joerg"]
[Black "Mai, Philipp"]
[Result "1/2-1/2"]
[ECO "E81"]
[WhiteElo "2146"]
[BlackElo "2313"]
[Annotator "ChessBase"]
[PlyCount "95"]
[EventDate "2023.10.04"]
[EventType "swiss"]
[EventCountry "GER"]
[SourceTitle "playchess.com"]
[Source "ChessBase"]
[SourceQuality "1"]
[TimeControl "40/5400+30:1800+30"]

1. d4 Nf6 2. c4 g6 3. Nc3 Bg7 4. e4 d6 5. f3 O-O 6. Nge2 a6 7. Be3 b5 8. cxb5 axb5 9. Nxb5 c6 10. Na3 Nbd7 11. Nc3 e5 12. d5 cxd5 13. Nxd5 Bb7 14. Bc4 Nxd5 15. Bxd5 Bxd5 16. Qxd5 Nf6 17. Qd2 d5 18. Bc5 Re8 19. exd5 e4 20. O-O exf3 21. gxf3 Re5 22. Rad1 Rxd5 23. Qc1 Qd7 24. Nc4 Qh3 25. Nb6 Rh5 26. Qc2 Re8 27. b4 Rg5+ 28. Kh1 Nh5 29. Rf2 Ng3+ 30. Kg1 Ne4+ 31. Rg2 Qxf3 32. Re1 Rxg2+ 33. Qxg2 Qd3 34. Kh1 f5 35. a4 Bc3 36. Rf1 Bd4 37. Bxd4 Qxd4 38. Qa2+ Kg7 39. Nc4 Nc3 40. Qb3 Re2 41. Nd6 Qe5 42. Qf7+ Kh6 43. Nxf5+ gxf5 44. Qf8+ Qg7 45. Qd6+ Qg6 46. Qf8+ Qg7 47. Qd6+ Qg6 48. Qf8+ 1/2-1/2

[Event "26th OIBM 2023"]
[Site "Gmund am Tegernsee"]
[Date "2023.11.02"]
[Round "6.29"]
[White "Gohla, Ulf"]
[Black "Garner, Isaac"]
[Result "0-1"]
[ECO "E32"]
[WhiteElo "2102"]
[BlackElo "2309"]
[Annotator "ChessBase"]
[PlyCount "78"]
[EventDate "2023.10.04"]
[EventType "swiss"]
[EventCountry "GER"]
[SourceTitle "playchess.com"]
[Source "ChessBase"]
[SourceQuality "1"]
[TimeControl "40/5400+30:1800+30"]

1. d4 Nf6 2. c4 e6 3. Nc3 Bb4 4. Qc2 d6 5. Nf3 O-O 6. g3 e5 7. dxe5 dxe5 8. a3 Bxc3+ 9. Qxc3 Nc6 10. Bg5 h6 11. Rd1 Qe7 12. Bxf6 Qxf6 13. Bg2 Bf5 14. O-O Rad8 15. Qb3 b6 16. Rxd8 Rxd8 17. Rd1 Nd4 18. Nxd4 exd4 19. Qf3 Qe5 20. e3 c5 21. exd4 cxd4 22. Bf1 d3 23. Rd2 Rd4 24. h4 Be4 25. Qe3 Qd6 26. b3 Qd7 27. f3 Bf5 28. Kf2 Rd6 29. Qe5 Re6 30. Qb5 Qd4+ 31. Kg2 Qe3 32. Rd1 Be4 33. fxe4 Rf6 34. Qh5 g6 35. Qg4 h5 36. Qg5 Rf2+ 37. Kh3 Qf3 38. Qd8+ Kh7 39. Bxd3 Qg4# 0-1

[Event "26th OIBM 2023"]
[Site "Gmund am Tegernsee"]
[Date "2023.11.02"]
[Round "6.30"]
[White "Ernst, Robert"]
[Black "Linster, Philippe"]
[Result "1/2-1/2"]
[ECO "E48"]
[WhiteElo "2093"]
[BlackElo "2303"]
[Annotator "ChessBase"]
[PlyCount "22"]
[EventDate "2023.10.04"]
[EventType "swiss"]
[EventCountry "GER"]
[SourceTitle "playchess.com"]
[Source "ChessBase"]
[SourceQuality "1"]
[TimeControl "40/5400+30:1800+30"]

1. d4 Nf6 2. c4 e6 3. Nc3 Bb4 4. e3 O-O 5. Bd3 c5 6. Nge2 d5 7. cxd5 cxd4 8. exd4 Nxd5 9. O-O Nc6 10. a3 Bd6 11. Nxd5 exd5 1/2-1/2

[Event "26th OIBM 2023"]
[Site "Gmund am Tegernsee"]
[Date "2023.11.02"]
[Round "6.31"]
[White "Karsay, Pascal"]
[Black "Katter, Katharina"]
[Result "1-0"]
[ECO "E62"]
[WhiteElo "2301"]
[BlackElo "1905"]
[Annotator "ChessBase"]
[PlyCount "111"]
[EventDate "2023.10.04"]
[EventType "swiss"]
[EventCountry "GER"]
[SourceTitle "playchess.com"]
[Source "ChessBase"]
[SourceQuality "1"]
[TimeControl "40/5400+30:1800+30"]

1. Nf3 Nf6 2. c4 g6 3. Nc3 Bg7 4. g3 O-O 5. Bg2 d6 6. d4 Nc6 7. O-O e5 8. dxe5 dxe5 9. Bg5 Be6 10. Qc1 Qc8 11. Rd1 Re8 12. Nd2 Nd7 13. Nde4 f6 14. Rxd7 Qxd7 15. Bxf6 Bxc4 16. Nc5 Qd4 17. Bxg7 Kxg7 18. Nxb7 Ne7 19. e3 Qb6 20. Na4 Qb5 21. Nc3 Qb6 22. b3 c6 23. Nd6 Bd5 24. Nxe8+ Rxe8 25. Na4 Qb4 26. Qc3 Qxc3 27. Nxc3 Bxg2 28. Kxg2 Rd8 29. Ne4 h6 30. Rc1 Kf7 31. Kf3 Ke6 32. Ke2 g5 33. Nc5+ Kf5 34. e4+ Kf6 35. Nd3 Rb8 36. h3 h5 37. Nb2 Ke6 38. Rd1 Rf8 39. Nc4 Nc8 40. Na5 Ne7 41. Nb7 Rb8 42. Nd8+ Kf6 43. Rd6+ Kg7 44. Nxc6 Nxc6 45. Rxc6 Rb7 46. Re6 Rc7 47. Rxe5 Rc2+ 48. Ke3 Rxa2 49. Rxg5+ Kh6 50. h4 a5 51. f3 Ra3 52. Kf4 Ra1 53. Rb5 Kg6 54. Rg5+ Kh6 55. Rb5 Kg6 56. g4 1-0

[Event "26th OIBM 2023"]
[Site "Gmund am Tegernsee"]
[Date "2023.11.02"]
[Round "6.32"]
[White "Pollmann, Sascha"]
[Black "Solomon, Kenny"]
[Result "0-1"]
[ECO "D02"]
[WhiteElo "2061"]
[BlackElo "2300"]
[Annotator "ChessBase"]
[PlyCount "208"]
[EventDate "2023.10.04"]
[EventType "swiss"]
[EventCountry "GER"]
[SourceTitle "playchess.com"]
[Source "ChessBase"]
[SourceQuality "1"]
[TimeControl "40/5400+30:1800+30"]

1. Nf3 d5 2. g3 g6 3. Bg2 Bg7 4. d4 c6 5. O-O Nf6 6. Bf4 O-O 7. Nbd2 b6 8. Re1 Bb7 9. c3 c5 10. a4 cxd4 11. cxd4 Nc6 12. Nb3 a5 13. Ne5 Rc8 14. Nxc6 Bxc6 15. Be5 Re8 16. Nd2 e6 17. e3 Bf8 18. Bxf6 Qxf6 19. Nf3 Bd6 20. Qb3 Rb8 21. Rec1 Bd7 22. Ne1 h5 23. Qd1 h4 24. Qf3 Qg5 25. Nd3 Rbc8 26. b3 Rb8 27. Bf1 hxg3 28. hxg3 Kg7 29. Bg2 Rh8 30. Kf1 Rh2 31. Ke1 Qe7 32. Ke2 b5 33. Nc5 Be8 34. Kf1 bxa4 35. bxa4 Rb4 36. Kg1 Rh8 37. Qd1 Qg5 38. Rab1 Bxc5 39. dxc5 Bxa4 40. Qd2 Bc6 41. Rxb4 axb4 42. Qxb4 Qf6 43. Qb6 Rc8 44. Qa6 Rc7 45. Rb1 Qc3 46. Qa1 Qxa1 47. Rxa1 Bb5 48. Ra5 Bc4 49. e4 Kf6 50. exd5 exd5 51. f4 Ke7 52. Bf1 Ke6 53. Bh3+ f5 54. Kf2 Rb7 55. Ra3 Rb2+ 56. Kf3 d4 57. g4 d3 58. gxf5+ gxf5 59. Ra1 Kd5 60. Bxf5 Kxc5 61. Bxd3 Bxd3 62. Ke3 Bc4 63. Ra5+ Kd6 64. Kd4 Bf1 65. Rd5+ Ke6 66. Re5+ Kf6 67. Ra5 Rb4+ 68. Ke3 Bb5 69. Ra8 Bd7 70. Ra6+ Kf5 71. Rd6 Be6 72. Rd4 Rb5 73. Rd8 Rb3+ 74. Rd3 Rb1 75. Rd2 Bc4 76. Rf2 Rb3+ 77. Kd4 Bf7 78. Kc5 Bh5 79. Kc4 Ra3 80. Rd2 Bf3 81. Kb4 Re3 82. Rd8 Kxf4 83. Rf8+ Kg3 84. Rg8+ Bg4 85. Kc5 Kf4 86. Rf8+ Bf5 87. Kd4 Rd3+ 88. Kc4 Rd7 89. Re8 Be4 90. Rf8+ Ke3 91. Rh8 Rc7+ 92. Kb3 Kd4 93. Rd8+ Bd5+ 94. Kb2 Rh7 95. Ka3 Rb7 96. Rh8 Rb3+ 97. Ka4 Rb2 98. Ka3 Rb1 99. Rh4+ Kc5 100. Rh8 Rb3+ 101. Ka4 Rg3 102. Rh5 Rf3 103. Rg5 Rh3 104. Rf5 Rh2 0-1

[Event "26th OIBM 2023"]
[Site "Gmund am Tegernsee"]
[Date "2023.11.02"]
[Round "6.33"]
[White "Hofmann, Lorenz"]
[Black "Bettalli, Francesco"]
[Result "1/2-1/2"]
[ECO "C26"]
[WhiteElo "2091"]
[BlackElo "2274"]
[Annotator "ChessBase"]
[PlyCount "100"]
[EventDate "2023.10.04"]
[EventType "swiss"]
[EventCountry "GER"]
[SourceTitle "playchess.com"]
[Source "ChessBase"]
[SourceQuality "1"]
[TimeControl "40/5400+30:1800+30"]

1. e4 e5 2. Nc3 Nf6 3. d4 exd4 4. Qxd4 Nc6 5. Qd3 Bc5 6. Be2 d6 7. a3 Be6 8. Be3 Bb6 9. O-O-O Qe7 10. f4 O-O-O 11. Bxb6 axb6 12. Bf3 Nd7 13. Nd5 Qh4 14. g3 Qh6 15. Qd2 Rhe8 16. Ne2 Nf6 17. Nec3 Bxd5 18. exd5 Nb8 19. Nb5 Na6 20. Rhe1 Qh3 21. b4 Qd7 22. Qd3 Rxe1 23. Rxe1 Re8 24. Rxe8+ Qxe8 25. Kd2 h6 26. c4 Qe7 27. Qe3 Qxe3+ 28. Kxe3 Kd7 29. Nd4 g6 30. g4 Ke7 31. h4 Nb8 32. g5 hxg5 33. hxg5 Ne8 34. Bg4 Kd8 35. f5 gxf5 36. Bxf5 Ng7 37. Kf4 Nd7 38. Bxd7 Kxd7 39. Nf5 Nxf5 40. Kxf5 Ke7 41. b5 Ke8 42. Kf6 Kf8 43. g6 fxg6 44. Kxg6 Kg8 45. Kf6 Kf8 46. Ke6 Ke8 47. a4 Kd8 48. Kf7 Kd7 49. Kf8 Kd8 50. Kf7 Kd7 1/2-1/2

[Event "26th OIBM 2023"]
[Site "Gmund am Tegernsee"]
[Date "2023.11.02"]
[Round "6.34"]
[White "Basener, Winfried"]
[Black "Goldbeck, Lars"]
[Result "1-0"]
[ECO "B32"]
[WhiteElo "1941"]
[BlackElo "2272"]
[Annotator "ChessBase"]
[PlyCount "207"]
[EventDate "2023.10.04"]
[EventType "swiss"]
[EventCountry "GER"]
[SourceTitle "playchess.com"]
[Source "ChessBase"]
[SourceQuality "1"]
[TimeControl "40/5400+30:1800+30"]

1. e4 c5 2. Nf3 Nc6 3. d4 cxd4 4. Nxd4 e5 5. Nb5 d6 6. c4 a6 7. N5c3 f5 8. exf5 Bxf5 9. Bd3 Be6 10. Be3 Nf6 11. Be2 Be7 12. O-O O-O 13. b3 Qe8 14. Bf3 Qg6 15. Nd5 e4 16. Nf4 Qf5 17. Be2 Bf7 18. Nc3 Rae8 19. Ncd5 Bd8 20. Rc1 Ne5 21. Nxf6+ Bxf6 22. Nd5 Bh4 23. Nf4 Kh8 24. Kh1 Bg5 25. Nd5 Bd8 26. Nf4 Bg8 27. Rc2 Ba5 28. a3 Bd8 29. Rd2 Bc7 30. Nd5 Bb8 31. Bb6 Qg5 32. Be3 Qh4 33. Bb6 Bf7 34. a4 h6 35. Ne3 d5 36. g3 Qh3 37. Bc5 Rg8 38. cxd5 Nf3 39. Bxf3 exf3 40. Qxf3 Qd7 41. Qf5 Be6 42. Qg6 Bf7 43. Qf5 Be6 44. Qf3 Be5 45. Rfd1 Bf7 46. Qf5 Qxf5 47. Nxf5 Bh5 48. Rc1 Bc3 49. Rdc2 Bg6 50. Rxc3 Bxf5 51. f3 Re2 52. g4 Bd7 53. Re3 Rd2 54. Re5 Rc8 55. Rc3 b6 56. Bb4 Rxc3 57. Bxc3 Rd3 58. Re7 Rxc3 59. Rxd7 Rxf3 60. Ra7 Rxb3 61. Rxa6 Rd3 62. Rxb6 Rxd5 63. h3 Rd3 64. Kg2 Ra3 65. Ra6 Kh7 66. h4 g5 67. Ra7+ Kg6 68. Ra6+ Kf7 69. h5 Kg7 70. Kf2 Kh7 71. Ra7+ Kg8 72. a5 Ra4 73. Kf3 Rf4+ 74. Kg3 Ra4 75. a6 Ra3+ 76. Kf2 Ra4 77. Ke3 Kf8 78. Kd3 Ke8 79. Kc3 Kd8 80. Kb3 Ra1 81. Kb4 Kc8 82. Kb5 Rb1+ 83. Kc6 Rc1+ 84. Kd6 Kb8 85. Rb7+ Ka8 86. Rc7 Rg1 87. Rc4 Ka7 88. Ra4 Re1 89. Kd5 Rg1 90. Ke5 Rf1 91. Rd4 Kxa6 92. Rd6+ Kb7 93. Rxh6 Rf4 94. Rg6 Rxg4 95. Kf5 Rg1 96. Rxg5 Rh1 97. Kg6 Kc7 98. h6 Kd7 99. Kg7 Re1 100. h7 Re7+ 101. Kh6 Re8 102. Rg8 Re6+ 103. Kg5 Re5+ 104. Kf4 1-0

[Event "26th OIBM 2023"]
[Site "Gmund am Tegernsee"]
[Date "2023.11.02"]
[Round "6.35"]
[White "Gold, Florian"]
[Black "Neukirchner, Pascal"]
[Result "1/2-1/2"]
[ECO "A58"]
[WhiteElo "1898"]
[BlackElo "2265"]
[Annotator "ChessBase"]
[PlyCount "113"]
[EventDate "2023.10.04"]
[EventType "swiss"]
[EventCountry "GER"]
[SourceTitle "playchess.com"]
[Source "ChessBase"]
[SourceQuality "1"]
[TimeControl "40/5400+30:1800+30"]

1. d4 Nf6 2. c4 c5 3. d5 b5 4. cxb5 a6 5. bxa6 g6 6. Nc3 Bg7 7. e4 O-O 8. a7 Rxa7 9. Nf3 e6 10. Be2 exd5 11. exd5 d6 12. O-O Na6 13. Re1 Nc7 14. Bf4 Rb7 15. Qd2 Nfxd5 16. Nxd5 Rxb2 17. Qd1 Nxd5 18. Qxd5 Rxe2 19. Rxe2 Bxa1 20. Bxd6 Be6 21. Qxc5 Re8 22. h3 Qa8 23. Qb6 Qd5 24. Bc5 Qc4 25. Re1 Bc3 26. Rd1 Qxa2 27. Rd8 Qa4 28. Bd4 Bxd4 29. Rxe8+ Qxe8 30. Qxd4 Qa8 31. Qf6 h6 32. h4 Qd5 33. Qf4 Kh7 34. Kh2 Qh5 35. Nd4 Qd5 36. Nxe6 Qxe6 37. g3 Qd5 38. Qf6 Kg8 39. Qf4 Kg7 40. Kg1 g5 41. hxg5 hxg5 42. Qe3 Kg6 43. f3 Kf6 44. Kf2 Qa2+ 45. Kg1 Qa1+ 46. Kg2 Qe5 47. Qb6+ Ke7 48. Kf2 f6 49. Qe3 Kd6 50. Qxe5+ Kxe5 51. Ke3 Kd5 52. Kd3 f5 53. g4 f4 54. Kc3 Kc5 55. Kd3 Kd5 56. Kc3 Kc5 57. Kd3 1/2-1/2

[Event "26th OIBM 2023"]
[Site "Gmund am Tegernsee"]
[Date "2023.11.02"]
[Round "6.36"]
[White "Wyss, Jonas"]
[Black "Navarro Jahnke, Leo"]
[Result "1/2-1/2"]
[ECO "B23"]
[WhiteElo "2265"]
[BlackElo "1884"]
[Annotator "ChessBase"]
[PlyCount "116"]
[EventDate "2023.10.04"]
[EventType "swiss"]
[EventCountry "GER"]
[SourceTitle "playchess.com"]
[Source "ChessBase"]
[SourceQuality "1"]
[TimeControl "40/5400+30:1800+30"]

1. e4 c5 2. Nc3 Nc6 3. Bb5 d6 4. Bxc6+ bxc6 5. d3 Nf6 6. f4 e6 7. Nf3 d5 8. O-O Be7 9. b3 Qc7 10. Qe1 Ba6 11. f5 d4 12. Na4 exf5 13. exf5 O-O-O 14. Bf4 Qb7 15. Ne5 Bd6 16. Qa5 Bb5 17. Nc4 Bxf4 18. Rxf4 Rd5 19. Nxc5 Qb8 20. b4 Qxf4 21. Qxa7 Bxc4 22. Qb7+ Kd8 23. Qa8+ Kc7 24. Qa7+ Kc8 25. Qb7+ Kd8 26. Qa8+ Kc7 27. Qa7+ Kd6 28. Nb7+ Ke5 29. Re1+ Kxf5 30. Rf1 Qxf1+ 31. Kxf1 Bb5 32. a4 Re8 33. axb5 cxb5 34. Nc5 Kg5 35. h3 Rf5+ 36. Kg1 Re1+ 37. Kh2 Rff1 38. Ne4+ Nxe4 39. dxe4 Rxe4 40. Qb7 Re5 41. Qd7 Rf4 42. g3 Rfe4 43. h4+ Kg6 44. Kh3 h5 45. Kg2 f6 46. Kf3 Re3+ 47. Kg2 Re2+ 48. Kf1 R2e4 49. Kg2 Rg4 50. Kf2 Kh7 51. Qf7 Kh6 52. Qd7 Re3 53. Qxb5 Rgxg3 54. Qf5 Rg4 55. b5 Re5 56. Qc8 Rf4+ 57. Kg3 Rg4+ 58. Kf2 Rf4+ 1/2-1/2

[Event "26th OIBM 2023"]
[Site "Gmund am Tegernsee"]
[Date "2023.11.02"]
[Round "6.37"]
[White "Lerchl, Clemens"]
[Black "Weitzer, Steffen"]
[Result "1-0"]
[ECO "B76"]
[WhiteElo "1850"]
[BlackElo "2256"]
[Annotator "ChessBase"]
[PlyCount "55"]
[EventDate "2023.10.04"]
[EventType "swiss"]
[EventCountry "GER"]
[SourceTitle "playchess.com"]
[Source "ChessBase"]
[SourceQuality "1"]
[TimeControl "40/5400+30:1800+30"]

1. e4 c5 2. Nf3 d6 3. d4 cxd4 4. Nxd4 Nf6 5. Nc3 g6 6. Be3 Bg7 7. f3 Nc6 8. Qd2 O-O 9. g4 h5 10. gxh5 Nxh5 11. O-O-O Kh7 12. Rg1 Bd7 13. Bc4 Rc8 14. Bb3 Ne5 15. f4 Ng4 16. f5 Nxe3 17. Qxe3 Bh6 18. Rg5 e6 19. h4 f6 20. fxg6+ Kg7 21. Rdg1 Rc5 22. Bxe6 fxg5 23. Bxd7 Qxd7 24. hxg5 Rxg5 25. Rxg5 Qe7 26. Nd5 Bxg5 27. Ne6+ Kxg6 28. Nxe7+ 1-0

[Event "26th OIBM 2023"]
[Site "Gmund am Tegernsee"]
[Date "2023.11.02"]
[Round "6.38"]
[White "Hoy, Bernd"]
[Black "Mueller, Fabian"]
[Result "1/2-1/2"]
[ECO "B15"]
[WhiteElo "2251"]
[BlackElo "2309"]
[Annotator "ChessBase"]
[PlyCount "96"]
[EventDate "2023.10.04"]
[EventType "swiss"]
[EventCountry "GER"]
[SourceTitle "playchess.com"]
[Source "ChessBase"]
[SourceQuality "1"]
[TimeControl "40/5400+30:1800+30"]

1. e4 c6 2. Nf3 d5 3. Nc3 dxe4 4. Nxe4 Nf6 5. Ng3 g6 6. Bc4 Bg7 7. d4 a5 8. c3 a4 9. Ne5 O-O 10. Qf3 Nbd7 11. O-O Nd5 12. Re1 Nxe5 13. dxe5 Be6 14. Bf1 Qc7 15. Qe4 a3 16. c4 axb2 17. Bxb2 Nb6 18. f4 Ra4 19. f5 Nxc4 20. Bc3 Nb6 21. Qf3 gxf5 22. Nxf5 Bxf5 23. Qxf5 e6 24. Qf2 Nd5 25. Bd4 Ne7 26. Bc5 Bxe5 27. Rxe5 Qxe5 28. Re1 Qf5 29. Bxe7 Qxf2+ 30. Kxf2 Rxa2+ 31. Kg3 Re8 32. Bf6 e5 33. Rd1 Ra3+ 34. Kf2 Ra4 35. g3 e4 36. Be2 h6 37. Rd7 Ra5 38. g4 b5 39. h4 Ra3 40. g5 Rh3 41. Bh5 e3+ 42. Kg2 e2 43. Bxf7+ Kf8 44. Bg6 Rg3+ 45. Kh2 e1=Q 46. Rf7+ Kg8 47. Rg7+ Kf8 48. Rf7+ Kg8 1/2-1/2

[Event "26th OIBM 2023"]
[Site "Gmund am Tegernsee"]
[Date "2023.11.02"]
[Round "6.39"]
[White "Geist, Tim"]
[Black "Deglmann, Ludwig"]
[Result "1/2-1/2"]
[ECO "B38"]
[WhiteElo "1713"]
[BlackElo "2243"]
[Annotator "ChessBase"]
[PlyCount "30"]
[EventDate "2023.10.04"]
[EventType "swiss"]
[EventCountry "GER"]
[SourceTitle "playchess.com"]
[Source "ChessBase"]
[SourceQuality "1"]
[TimeControl "40/5400+30:1800+30"]

1. e4 c5 2. Nf3 Nc6 3. d4 cxd4 4. Nxd4 g6 5. c4 Bg7 6. Be3 Nf6 7. Nc3 O-O 8. Be2 b6 9. O-O Bb7 10. f3 Qb8 11. Qd2 Rd8 12. Rad1 d6 13. a3 Rd7 14. b4 Qf8 15. Rc1 Rad8 1/2-1/2

[Event "26th OIBM 2023"]
[Site "Gmund am Tegernsee"]
[Date "2023.11.02"]
[Round "6.40"]
[White "Pavlov, Liliane"]
[Black "Raupp, Thomas"]
[Result "0-1"]
[ECO "E14"]
[WhiteElo "1702"]
[BlackElo "2239"]
[Annotator "ChessBase"]
[PlyCount "98"]
[EventDate "2023.10.04"]
[EventType "swiss"]
[EventCountry "GER"]
[SourceTitle "playchess.com"]
[Source "ChessBase"]
[SourceQuality "1"]
[TimeControl "40/5400+30:1800+30"]

1. d4 Nf6 2. Nf3 e6 3. c4 d5 4. e3 Be7 5. Nbd2 O-O 6. Bd3 b6 7. O-O Bb7 8. b3 Nbd7 9. Bb2 c5 10. cxd5 exd5 11. Qe2 Re8 12. Ne5 Nxe5 13. dxe5 Nd7 14. Qh5 g6 15. Qh3 Bf8 16. f4 a6 17. Nf3 Bg7 18. Ng5 Nf8 19. Rad1 Qe7 20. Qg3 Rac8 21. Rc1 b5 22. Be2 h6 23. Nf3 f6 24. Nh4 fxe5 25. Nxg6 Nxg6 26. Qxg6 Rc6 27. Qg4 Bc8 28. f5 Qg5 29. Qh3 c4 30. bxc4 dxc4 31. Bc3 e4 32. Rf4 Rc7 33. Bg4 Bxc3 34. Rxc3 Qf6 35. Rc1 Re5 36. Qg3 Rg7 37. Qf2 h5 38. Bxh5 Rxf5 39. Be2 Rxf4 40. exf4 Bh3 41. g3 Rd7 42. Bf1 Bxf1 43. Kxf1 Qd4 44. Qxd4 Rxd4 45. Ke2 Rd3 46. a4 c3 47. axb5 axb5 48. Ra1 b4 49. Ra4 c2 0-1

[Event "26th OIBM 2023"]
[Site "Gmund am Tegernsee"]
[Date "2023.11.02"]
[Round "6.41"]
[White "Ciolek, Andreas"]
[Black "Andrade, Ruben"]
[Result "1-0"]
[ECO "D36"]
[WhiteElo "2215"]
[BlackElo "1797"]
[Annotator "ChessBase"]
[PlyCount "103"]
[EventDate "2023.10.04"]
[EventType "swiss"]
[EventCountry "GER"]
[SourceTitle "playchess.com"]
[Source "ChessBase"]
[SourceQuality "1"]
[TimeControl "40/5400+30:1800+30"]

1. d4 d5 2. c4 e6 3. Nc3 Nf6 4. cxd5 exd5 5. Bg5 Be7 6. e3 O-O 7. Bd3 h6 8. Bh4 Re8 9. Nge2 c6 10. O-O Nbd7 11. Qc2 Ne4 12. Bxe7 Qxe7 13. Bxe4 dxe4 14. d5 Nf6 15. Rfd1 Nxd5 16. Nxd5 cxd5 17. Rxd5 Bd7 18. Nc3 Bc6 19. Rd4 Rac8 20. h3 Rc7 21. Rad1 f5 22. Qd2 Rec8 23. Rd6 Qe5 24. Qc2 Kh7 25. Qb3 Re7 26. g3 Qa5 27. h4 Be8 28. R1d5 Rc5 29. Rxc5 Qxc5 30. Rd5 Qc8 31. Qa3 Rc7 32. Qxa7 Bf7 33. Rd4 Bh5 34. Qa5 Bf3 35. Qe5 f4 36. Kh2 fxg3+ 37. fxg3 Rf7 38. Rd2 Qg4 39. Rf2 Rf5 40. Qe6 Qh5 41. Qd7 Rg5 42. Rd2 Rg4 43. Nd5 Qe5 44. Nf4 Qc5 45. Qd5 Qc8 46. Qd7 Qf8 47. Qxb7 Rxf4 48. gxf4 Qf6 49. Qd7 Qxh4+ 50. Qh3 Qf6 51. Rd5 Qxb2+ 52. Kg3 1-0

[Event "26th OIBM 2023"]
[Site "Gmund am Tegernsee"]
[Date "2023.11.02"]
[Round "6.42"]
[White "Mazatis, Benjamin"]
[Black "Imnadze, Nato"]
[Result "0-1"]
[ECO "D38"]
[WhiteElo "1666"]
[BlackElo "2207"]
[Annotator "ChessBase"]
[PlyCount "72"]
[EventDate "2023.10.04"]
[EventType "swiss"]
[EventCountry "GER"]
[SourceTitle "playchess.com"]
[Source "ChessBase"]
[SourceQuality "1"]
[TimeControl "40/5400+30:1800+30"]

1. d4 Nf6 2. c4 e6 3. Nf3 d5 4. Nc3 Bb4 5. cxd5 exd5 6. Bg5 h6 7. Bh4 O-O 8. e3 Bf5 9. Be2 Nbd7 10. Qb3 Bxc3+ 11. Qxc3 c6 12. Nd2 Re8 13. Nf1 g5 14. Bg3 Ne4 15. Qb4 Bg6 16. f3 Nxg3 17. hxg3 Kg7 18. Qxb7 Rb8 19. Qa6 Rxb2 20. Bd3 Qb8 21. Qa3 Bxd3 22. Qxd3 Qb4+ 23. Nd2 Rxd2 24. Qxd2 Rxe3+ 25. Kd1 Qa4+ 26. Kc1 Qc4+ 27. Kb1 Re2 28. Qd1 Nb6 29. Qb3 Qxd4 30. Rd1 Qf6 31. a4 Nc4 32. Ra2 Re3 33. Qb4 a5 34. Qc5 Rb3+ 35. Kc1 Qc3+ 36. Rc2 Qa1# 0-1